 Dungeon Crawl Stone Soup version 0.24.0-13-gcf9b319 (webtiles) character file.

Game seed: 2634701860000393582, levelgen mode: deterministic

10839 Fortress the Cleaver (level 11, 0/100 HPs)
             Began as a Deep Dwarf Fighter on Feb 2, 2020.
             Was an Elder of Makhleb.
             Slain by a sixfirhy (4 damage)
             ... summoned by an orc high priest
             ... on level 2 of the Orcish Mines.
             The game lasted 01:02:57 (8672 turns).

Fortress the Cleaver (Deep Dwarf Fighter)           Turns: 8672, Time: 01:02:59

Health: 0/100      AC: 13    Str: 25    XL:     11   Next: 41%
Magic:  2/2        EV:  9    Int: 10    God:    Makhleb [****..]
Gold:   667        SH: 12    Dex: 12    Spells: 10/10 levels left

rFire    . . .     SeeInvis .   a - +0 war axe
rCold    + . .     Gourm    .   c - +0 shield
rNeg     . . .     Faith    .   K - +3 ring mail {rC+}
rPois    .         Spirit   .   A - +1 helmet
rElec    .         Reflect  .   D - +0 cloak
rCorr    .         Harm     .   (no gloves)
MR       ++...                  (no boots)
Stlth    +.........             (no amulet)
HPRegen  0.00/turn              y - ring of protection from magic
MPRegen  0.08/turn              r - +3 ring of strength

@: lethally poisoned (0 -> -2), non-regenerating
A: damage resistance, heal wounds, sense surroundings 2, no regeneration
a: Heal Wounds, Minor Destruction, Lesser Servant of Makhleb, Major Destruction,
Renounce Religion


You were on level 2 of the Orcish Mines.
You worshipped Makhleb.
Makhleb was greatly pleased with you.
You were not hungry.

You visited 3 branches of the dungeon, and saw 12 of its levels.
You also visited: Sewer.

You collected 984 gold pieces.
You spent 317 gold pieces at shops.

Inventory:

Hand Weapons
 a - a +0 war axe (weapon)
 n - a +2 short sword of draining
 L - a +0 battleaxe
 Q - a +1 flail of protection
Missiles
 q - 39 poisoned darts (quivered)
Armour
 c - a +0 shield (worn)
 i - a +0 chain mail
 A - a +1 helmet (worn)
 D - a +0 cloak (worn)
 G - a +0 plate armour
 K - a +3 ring mail of cold resistance (worn)
 P - a +1 hat
Jewellery
 g - an uncursed ring of fire
 r - a +3 ring of strength (right hand)
 s - an uncursed ring of protection from cold
 y - a ring of protection from magic (left hand)
Wands
 b - a wand of scattershot (5)
 m - a wand of random effects (20)
 u - a wand of digging (6)
 z - a wand of paralysis (13)
 H - a wand of polymorph (18)
 S - a wand of disintegration (9)
Scrolls
 e - 6 scrolls of remove curse
 j - 10 scrolls of identify
 l - a scroll of fog
 o - 6 scrolls of teleportation
 v - 4 scrolls of enchant armour
 w - 3 scrolls of amnesia
 B - a scroll of immolation {unknown}
 E - a scroll of vulnerability {unknown}
 J - 2 scrolls of magic mapping {unknown}
 O - a scroll of enchant weapon {unknown}
 R - a scroll of fear {unknown}
Potions
 d - a potion of might
 h - 2 potions of heal wounds
 k - 3 potions of ambrosia
 p - 2 potions of mutation
 t - 2 potions of lignification
 x - 5 potions of flight
 C - 3 potions of curing
 F - a potion of brilliance {unknown}
 I - a potion of berserk rage {unknown}
 M - a potion of cancellation {unknown}
 N - a potion of resistance {unknown}
Comestibles
 f - 21 rations


   Skills:
 + Level 7.3 Fighting
 + Level 13.3 Axes
 - Level 8.1 Armour
 + Level 10.0 Shields
 + Level 0.5 Invocations


You had 10 spell levels left.
You didn't know any spells.
Your spell library contained the following spells:

 Spells                   Type           Power        Failure   Level  Hunger
 Flame Tongue             Conj/Fire      #....        71%         1    ##.....
 Throw Flame              Conj/Fire      #.....       83%         2    ###....
 Conjure Flame            Conj/Fire      #.......     97%         3    ####...
 Inner Flame              Hex/Fire       #.......     97%         3    ####...
 Sticky Flame             Conj/Fire      #.......     100%        4    #####..
 Fireball                 Conj/Fire      #.........   100%        5    ######.


Dungeon Overview and Level Annotations

Branches:
Dungeon (9/15)             Temple (1/1) D:6            Lair (0/6) D:8
    Orc (2/2) D:9           Sewer (visited)
    Elf: Orc:2

Altars:
Ashenzari
Cheibriados
Dithmenos
Elyvilon
Fedhas
Gozag
Hepliaklqana
Kikubaaqudgha
Makhleb
Nemelex Xobeh
Okawaru
Qazlal
Ru
Sif Muna
Trog
Uskayaw
Vehumet
Wu Jian
Xom
Yredelemnul
Zin
The Shining One

Shops:
D:5 :%[[*   D:9 *   Orc:2 %*


Innate Abilities, Weirdness & Mutations

You are resistant to damage.
You can heal yourself by infusing magical energy.
You passively map the area around you.
You do not regenerate.


Message History

The orc high priest is healed somewhat.
You hit the orc high priest.
The orc high priest is heavily wounded.
You hit the sixfirhy. The sixfirhy hits you. The sixfirhy shocks you!
* * * LOW HITPOINT WARNING * * *
The sixfirhy hits you. The sixfirhy shocks you!
* * * LOW HITPOINT WARNING * * *
The sixfirhy closely misses you.
The orc throws a boomerang.
You block the boomerang.
The weapon returns to the orc!
Your neqoxec gestures at the orc.
The orc high priest twists and deforms.
The orange demon stings you from afar!
* * * LOW HITPOINT WARNING * * *
You are poisoned.
The orange demon poisons you!
The soul eater draws from the surrounding life force!
* * * LOW HITPOINT WARNING * * *
The orc high priest hits you with a +2 scimitar of flaming.
* * * LOW HITPOINT WARNING * * *
The orc high priest burns you. The sixfirhy hits you.
You die...

+ * * , , #..# #.....## #.#
#o###..####.....# , #..
,.......##......#, , *
##.o**' *#)....#....... ,
..o , ,#..).......... **,
#..* , #..#..#..##... #..*
#.)†.....#,... *,
*#####53######.o.....#.....
, ,,....ho343@....o#..##<...
.
,,,.....55oo3.....####*.....
* ################ , ....
*** , ..* * , , , , * * , ,
*, ,


You could see a soul eater, an orc high priest, an orange demon, a sixfirhy, a
neqoxec, a warg, 2 orc priests, a quasit, a shadow imp, 2 orcs, an ufetubus and
a friendly neqoxec.

Vanquished Creatures
  3 death yaks (D:8)
  An orc knight (D:9)
  Joseph (D:9)
  A troll (Orc:1)
  A hippogriff (D:4)
  Sigmund (D:6)
  4 yaks (D:8)
  A hungry ghost (D:8)
  Menkaure (D:4)
  4 wargs (Orc:2)
  20 orc warriors
  3 ice beasts
  2 sky beasts
  A phantom (D:6)
  A necrophage (D:7)
  7 ogres
  A centaur (D:8)
  Blork the orc (D:5)
  A big kobold (D:7)
  7 bullfrogs
  A wyvern zombie (D:8)
  2 scorpions
  5 killer bees (D:9)
  A howler monkey (D:9)
  3 crimson imps
  2 bullfrog zombies
  3 hounds
  A jelly (D:5)
  A centaur skeleton (D:4)
  15 orc wizards
  A bullfrog skeleton (D:4)
  13 orc priests
  2 gnoll shamans (D:4)
  Crazy Yiuf (D:6)
  4 iguanas
  A merfolk siren (Sewer)
  5 worker ants
  A merfolk avatar (Sewer)
  2 hound skeletons
  2 worker ant zombies (D:7)
  8 gnolls (D:4)
  18 adders
  2 river rats
  6 shadow imps
  2 oozes
  An adder skeleton (D:4)
  4 worms
  2 dart slugs (D:1)
  8 leopard geckos
  74 orcs
  4 ball pythons
  10 giant cockroaches
  7 goblins
  6 hobgoblins
  8 jackals
  12 kobolds
  6 quokkas
  8 bats
  11 frilled lizards
  A quokka skeleton (D:5)
  32 rats
358 creatures vanquished.

Vanquished Creatures (collateral kills)
  An orc sorcerer (Orc:1)
  2 orc warriors (Orc:1)
  An orc priest (Orc:1)
  An orc wizard (Orc:1)
  An orc (Orc:1)
6 creatures vanquished.

Grand Total: 364 creatures vanquished

Notes
Turn   | Place    | Note
-------+----------+-------------------------------------------
     0 | D:1      | Fortress the Deep Dwarf Fighter began the quest for the
                  | Orb.
     0 | D:1      | Reached XP level 1. HP: 20/20 MP: 1/1
   170 | D:1      | Reached XP level 2. HP: 23/28 MP: 2/2
   565 | D:1      | Reached XP level 3. HP: 26/34 MP: 3/3
   891 | D:2      | Reached skill level 3 in Axes
   932 | D:2      | Reached XP level 4. HP: 41/42 MP: 4/4
  1340 | D:2      | Noticed a bullfrog
  1350 | D:2      | Killed a bullfrog
  1350 | D:2      | Reached skill level 4 in Axes
  1350 | D:2      | Reached XP level 5. HP: 33/49 MP: 5/5
  2145 | D:4      | Noticed an ogre
  2156 | D:4      | Killed an ogre
  2156 | D:4      | Reached XP level 6. HP: 45/56 MP: 5/5
  2160 | D:4      | Reached skill level 5 in Axes
  2167 | D:4      | Reached skill level 5 in Shields
  2175 | D:4      | Found a shattered altar of Ashenzari.
  2178 | D:4      | Noticed Menkaure
  2179 | D:4      | Noticed a hippogriff
  2195 | D:4      | Killed Menkaure
  2203 | D:4      | Killed a hippogriff
  2203 | D:4      | Reached XP level 7. HP: 43/63 MP: 6/6
  2220 | D:4      | Reached skill level 6 in Axes
  2853 | D:5      | Entered Level 5 of the Dungeon
  2853 | D:5      | Found Usedo's Food Shoppe.
  2853 | D:5      | Found Baxit's Book Shoppe.
  2970 | D:5      | Found a white marble altar of Elyvilon.
  3104 | D:5      | Reached skill level 7 in Axes
  3126 | D:5      | Reached skill level 5 in Armour
  3126 | D:5      | Reached XP level 8. HP: 32/73 MP: 7/7
  3238 | D:5      | Noticed Blork the orc
  3251 | D:5      | Killed Blork the orc
  3332 | D:5      | Found Siati's Antique Armour Shop.
  3345 | D:5      | Bought a helmet for 121 gold pieces
  3391 | D:5      | Found Jabenaov's General Store.
  3396 | D:5      | Bought a scroll of identify for 28 gold pieces
  3396 | D:5      | Bought a potion of mutation for 112 gold pieces
  3396 | D:5      | Bought a scroll of noise for 14 gold pieces
  3454 | D:5      | Found Dynuop's Armour Emporium.
  3872 | D:6      | Reached skill level 8 in Axes
  4084 | D:6      | Found a glowing drain.
  4088 | Sewer    | Entered a sewer
  4628 | D:6      | Found a runed translucent door.
  4629 | D:6      | Noticed Crazy Yiuf
  4637 | D:6      | Killed Crazy Yiuf
  4776 | D:6      | Noticed Sigmund
  4800 | D:6      | Killed Sigmund
  4837 | D:6      | Found a staircase to the Ecumenical Temple.
  4850 | Temple   | Entered the Ecumenical Temple
  4862 | Temple   | Became a worshipper of Makhleb the Destroyer
  4987 | D:6      | Reached skill level 5 in Fighting
  5024 | D:6      | Reached skill level 9 in Axes
  5024 | D:6      | Gained mutation: You passively map the area around you.
                  | [Deep Dwarf growth]
  5024 | D:6      | Reached XP level 9. HP: 46/81 MP: 6/6
  5233 | D:7      | Reached * piety under Makhleb
  5894 | D:8      | Reached skill level 10 in Axes
  5957 | D:8      | Reached ** piety under Makhleb
  6087 | D:8      | Found a sacrificial altar of Ru.
  6307 | D:8      | Noticed a death yak
  6308 | D:8      | Noticed a death yak
  6319 | D:8      | Noticed a death yak
  6330 | D:8      | Killed a death yak
  6341 | D:8      | Killed a death yak
  6341 | D:8      | Reached skill level 11 in Axes
  6341 | D:8      | Reached XP level 10. HP: 58/91 MP: 6/6
  6350 | D:8      | Killed a death yak
  6401 | D:8      | Found a staircase to the Lair.
  7136 | D:9      | Reached skill level 12 in Axes
  7228 | D:9      | Found Epha's Assorted Antiques.
  7282 | D:9      | Reached *** piety under Makhleb
  7403 | D:9      | Noticed Joseph
  7421 | D:9      | Killed Joseph
  7890 | D:9      | Reached XP level 11. HP: 65/99 MP: 6/6
  7935 | D:9      | Found a staircase to the Orcish Mines.
  7947 | Orc:1    | Entered Level 1 of the Orcish Mines
  7951 | Orc:1    | Noticed an orc sorcerer
  7958 | Orc:1    | Reached **** piety under Makhleb
  7961 | Orc:1    | Noticed an orc knight
  7964 | Orc:1    | Killed an orc sorcerer
  8003 | D:9      | Killed an orc knight
  8062 | Orc:1    | Reached skill level 13 in Axes
  8336 | Orc:2    | Entered Level 2 of the Orcish Mines
  8417 | Orc:2    | Found Dustoforph's General Store.
  8431 | Orc:2    | Found Tiloc's Food Shoppe.
  8563 | Orc:2    | Bought a potion of curing for 42 gold pieces
  8627 | Orc:2    | Reached skill level 10 in Shields
  8657 | Orc:2    | Noticed an orc high priest
  8663 | Orc:2    | Noticed an orc high priest
  8665 | Orc:2    | Noticed a sixfirhy
  8665 | Orc:2    | Noticed a soul eater
  8672 | Orc:2    | HP: 4/100 [orc high priest/+2 scimitar of flaming (2)]
  8672 | Orc:2    | Slain by a sixfirhy

Levels and vault maps discovered:
D:1:      onia_arrival_pentagram, layout_basic, minmay_misc_feat_enclosed
D:2:      layout_loops_ring, grunt_ministairs_7, chequers_serial_rivers_large_b,
          minmay_between
D:3:      layout_basic, first_ration, patterned_corridor
D:4:      layout_loops_ring, evilmike_ruin_ashenzari, uniq_menkaure
D:5:      layout_gridville, nicolae_overflow_crystal_walls, serial_shops,
          nicolae_shop_stone, shop, nicolae_shop_waterfront, shop, shop,
          dk_vineyard_2, minivault_11, uniq_blork_the_orc
D:6:      layout_loops_cross, minmay_temple_entry_arrows,
          gup_sewer_entry_spiral, uniq_sigmund, uniq_crazy_yiuf_cottage
D:7:      layout_loops_ring
D:8:      layout_basic, dpeg_lair_monsters, nicolae_ru_sacrificial_ziggurat
D:9:      layout_loops_ring, david_orc_4, serial_shops, nicolae_shop_crystal,
          uniq_joseph
Temple:   dpeg_three_leaves_temple
Orc:1:    layout_caves
Orc:2:    st_orc_town, layout_diamond_mine, serial_shops,
          nicolae_shop_window_shopping, shop, shop, nicolae_shop_trees,
          lightli_orcish_oven

Skill      XL: |  1  2  3  4  5  6  7  8  9 10 11 |
---------------+----------------------------------+-----
Fighting       | 3 4 5 6 7 |  7.3
Axes           | 3 4 5 7 9 11 12 13 | 13.3
Shields        | 4 5 6 8 9 10 | 10.0
Armour         | 4 5 6 7 8 |  8.1
Invocations    | |  0.5

Action                   |  1- 3 |  4- 6 |  7- 9 | 10-12 || total
-------------------------+-------+-------+-------+-------++-------
Melee: War axe           |   149 |   150 |   691 |   506 ||  1496
Throw: Dart              |       |       |    14 |    38 ||    52
Invok: Lesser Servant of |       |       |       |     4 ||     4
       Minor Destruction |       |       |       |     1 ||     1
 Abil: Heal Wounds       |     1 |     4 |    15 |    24 ||    44
  Use: Scroll            |       |       |     9 |       ||     9
       Potion            |       |       |     2 |       ||     2
  Eat: Chunk             |       |     4 |    11 |    12 ||    27
       Ration            |       |       |     1 |     1 ||     2
Armor: Scale mail        |     8 |       |       |       ||     8
       Chain mail        |    70 |    66 |   224 |       ||   360
       Plate armour      |       |       |    59 |       ||    59
       Ring mail         |       |       |     9 |   119 ||   128
Dodge: Dodged            |    42 |    26 |   129 |   105 ||   302
Block: Shield            |   101 |    92 |   349 |   292 ||   834
